cohdb
Replays
Latest Replays
All Replays
Popular Replays
Top Player Replays
Match Explorer
How It Works
Community
CoH3 Stats
Reddit
Sign in to upload your games and track your stats! →
Sign in with Steam
Match 41725786
Unlisted
Match 41725786
Overview
Messages
Build Orders
End
Construct Barracks
Riflemen Squad
Riflemen Squad
1⁄4-ton 4x4 Truck
Riflemen Squad
M1 Mortar Team
Infantry Support Center
Construct Medical Station
Engineer Squad
Grenade Package
Construct Motor Pool
M1 Anti-tank Gun Team
Selects Armored Battlegroup
Selects Strength in Steel
Selects Veteran Crews
M8 Greyhound Armored Car
Selects M8 Scott SPG
Doc
HulkSMASH
0
0
Comments
sign in to comment!
No comments posted yet!